 Dungeon Crawl Stone Soup version 0.23.2-1-ga50397a (webtiles) character file.

Game seed: 16156773091731782872

10104 Door the Carver (level 11, 0/95 HPs)
             Began as a Minotaur Fighter on May 27, 2019.
             Was a Believer of the Shining One.
             Slain by a crocodile (14 damage)
             ... on level 9 of the Dungeon.
             The game lasted 01:19:16 (10268 turns).

Door the Carver (Minotaur Fighter)                 Turns: 10268, Time: 01:19:16

Health: 0/95       AC: 11    Str: 23    XL:     11   Next: 31%
Magic:  10/10      EV: 10    Int:  5    God:    the Shining One [**....]
Gold:   560        SH: 12    Dex: 11    Spells: 10/10 levels left

rFire    . . .     SeeInvis .   F - +3 falchion (flame)
rCold    + . .     Gourm    .   c - +0 shield
rNeg     + . .     Faith    .   p - +1 scale mail
rPois    .         Spirit   .   (helmet restricted)
rElec    .         Reflect  .   n - +0 cloak
rCorr    .         Harm     .   (no gloves)
MR       .....                  (no boots)
Stlth    ..........             (no amulet)
HPRegen  0.25/turn              t - ring of protection from cold
MPRegen  0.12/turn              (no ring)

@: glowing
A: retaliatory headbutt, horns 2
a: Divine Shield, Renounce Religion


You were on level 9 of the Dungeon.
You worshipped the Shining One.
The Shining One was pleased with you.
You were not hungry.

You visited 2 branches of the dungeon, and saw 10 of its levels.

You collected 560 gold pieces.

Inventory:

Hand Weapons
 a - a +0 war axe
 k - a +1 great sword of slicing
 r - a +4 great sword
 F - a +3 falchion of flaming (weapon)
 J - a +0 halberd
 L - a +0 hunting sling
 Q - a +0 short sword
 T - a +0 shortbow
Missiles
 j - 208 arrows
Armour
 b - a +0 scale mail
 c - a +0 shield (worn)
 m - a +0 cloak
 n - a +0 cloak (worn)
 p - a +1 scale mail (worn)
 u - a +0 ring mail
 v - a +0 chain mail
 w - a +0 robe
 x - a +0 robe
 y - a +0 ring mail
 B - a +0 scale mail
 G - a +0 robe
 K - a +0 ring mail
Jewellery
 t - a ring of protection from cold (left hand)
 W - an uncursed ring of magical power
Wands
 g - a wand of flame (16)
 H - a wand of iceblast (7)
 U - a wand of paralysis (8)
 X - a wand of polymorph (5)
Scrolls
 h - a scroll of identify
 l - 3 scrolls of teleportation
 D - a scroll of blinking
 E - 4 scrolls of enchant armour
 I - 4 scrolls of magic mapping
 M - 4 scrolls of amnesia
 N - 6 scrolls of remove curse
 O - a scroll of fear
 S - a scroll of fog
Potions
 d - 3 potions of might
 e - a potion of berserk rage
 i - a potion of magic
 o - a potion of ambrosia {unknown}
 q - 3 potions of agility
 s - 2 potions of resistance
 z - 2 potions of flight
 C - a potion of lignification
 P - a potion of invisibility
 R - 2 potions of curing
 Y - a potion of haste
Comestibles
 f - 14 rations
 V - 4 chunks of flesh


   Skills:
 + Level 8.8 Fighting
 + Level 12.1 Long Blades
 - Level 4.2 Axes
 + Level 10.4 Armour
 - Level 1.1 Dodging
 + Level 11.7 Shields


You had 10 spell levels left.
You didn't know any spells.
Your spell library contained the following spells:

 Spells                   Type           Power        Failure   Level  Hunger
 Corona                   Hex            #......      86%         1    ##.....
 Sandblast                Erth           #.....       86%         1    ##.....
 Summon Small Mammal      Summ           #...         86%         1    ##.....
 Call Imp                 Summ           #.......     95%         2    ###....
 Ensorcelled Hibernation  Hex/Ice        #.....       95%         2    ###....
 Passwall                 Tmut/Erth      #.......     95%         2    ###....
 Call Canine Familiar     Summ           #.......     99%         3    ####...
 Confuse                  Hex            #.......     99%         3    ####...
 Dazzling Spray           Conj/Hex       #.....       99%         3    ####...
 Stone Arrow              Conj/Erth      #.....       99%         3    ####...
 Summon Guardian Golem    Hex/Summ       #.......     99%         3    ####...
 Tukima's Dance           Hex            #.......     99%         3    ####...
 Petrify                  Tmut/Erth      #.......     100%        4    #####..
 Summon Ice Beast         Ice/Summ       #.......     100%        4    #####..
 Summon Lightning Spire   Summ/Air       #.......     100%        4    #####..
 Lee's Rapid Deconstruct  Erth           #.........   100%        5    ######.
 Silence                  Hex/Air        #.........   100%        5    ######.
 Hydra Form               Tmut           #.........   100%        6    #######


Dungeon Overview and Level Annotations

Branches:
Dungeon (9/15)             Temple (1/1) D:6
   Lair: D:8-11         Orc: D:9-12

Altars:
Ashenzari
Cheibriados
Dithmenos
Elyvilon
Fedhas
Gozag
Hepliaklqana
Kikubaaqudgha
Makhleb
Nemelex Xobeh
Okawaru
Qazlal
Ru
Sif Muna
Trog
Uskayaw
Vehumet
Wu Jian
Xom
Yredelemnul
Zin
The Shining One

Annotations:
D:9 2 transporters


Innate Abilities, Weirdness & Mutations

You reflexively headbutt those who attack you in melee.
You have a pair of horns on your head.


Message History

Your headbutt misses the crocodile.
The crocodile is heavily wounded.
The crocodile bites you!
* * * LOW HITPOINT WARNING * * *
You hit the crocodile. You burn the crocodile.
The crocodile is severely wounded.
The crocodile bites you.
* * * LOW HITPOINT WARNING * * *
You barely miss the crocodile. Your headbutt misses the crocodile.
The crocodile is severely wounded.
You hit the crocodile but do no damage.
The crocodile is severely wounded.
You block the crocodile's attack. You block the crocodile's attack.
You hit the yak. You burn the yak. Your headbutt misses the yak.
The yak is lightly wounded.
The yak gores you.
* * * LOW HITPOINT WARNING * * *
The crocodile bites you!
You die...

#.# #.#.....#####○○○○○.○..#
#.# #...###.(...#..○○○...○#
#.# ##..# #.########+++####
#.# #..###.# #.# #......# #.#
#.###### #.# #.##### °.#©#○○
#.# #.....## .☼.○○○☼ # #.#
####.@.###### °DD.○ . #.#
#...rYt.....######## #
#.########.##...#####.##.©..#
#
#..........###....r...##....
# ############
#.######.###r##### #.#
#..r..†.... ###.# #)#########
#...# #.# # #.### #.# ##


You could see a yak, a crocodile and a porcupine.

Vanquished Creatures
  A hydra (D:8)
  Pikel (D:6)
  The ghost of diana the Chopper, a novice DsFi (D:7)
  Psyche (D:8)
  A troll (D:9)
  2 dream sheep (D:8)
  A hippogriff (D:8)
  Sigmund (D:3)
  10 yaks
  2 hungry ghosts
  A basilisk (D:9)
  4 orc warriors
  2 porcupines (D:9)
  A phantom (D:8)
  5 sky beasts
  3 slaves (D:6)
  2 black bears (D:7)
  An ice beast (D:7)
  9 ogres
  2 necrophages
  4 centaurs
  5 big kobolds
  10 bullfrogs
  3 water moccasin skeletons
  2 scorpions
  9 killer bees
  5 wights (D:8)
  A howler monkey (D:7)
  A crimson imp (D:8)
  A centaur zombie (D:7)
  A quasit (D:6)
  2 bullfrog skeletons
  A bullfrog zombie (D:9)
  6 hounds
  2 jellies
  4 orc priests
  5 orc wizards
  4 iguanas
  2 worker ants (D:7)
  A hound skeleton (D:6)
  A worker ant zombie (D:8)
  A howler monkey skeleton (D:7)
  7 adders
  3 shadow imps
  An ooze (D:2)
  An adder skeleton (D:7)
  3 dart slugs
  4 leopard geckos
  24 orcs
  6 bats
  4 giant cockroaches
  12 goblins
  10 hobgoblins
  5 jackals
  3 quokkas
  2 ball pythons (D:1)
  2 frilled lizards
  A giant cockroach zombie (D:6)
  17 kobolds
  A quokka zombie (D:8)
  9 rats
  A spectral orc (D:3)
  A fungus (D:4)
239 creatures vanquished.

Vanquished Creatures (others)
  A slave (D:6)
  4 orcs (D:6)
  2 bushes (D:9)
  4 fungi (D:9)
  20 plants
  5 toadstools (D:4)
36 creatures vanquished.

Grand Total: 275 creatures vanquished

Notes
Turn   | Place    | Note
-------+----------+-------------------------------------------
     0 | D:1      | Door the Minotaur Fighter began the quest for the Orb.
     0 | D:1      | Reached XP level 1. HP: 19/19 MP: 0/0
   356 | D:1      | Reached XP level 2. HP: 22/27 MP: 1/1
   637 | D:1      | Reached XP level 3. HP: 32/33 MP: 2/2
  1056 | D:2      | Found an ornate altar of the Wu Jian Council.
  1206 | D:2      | You fall through a shaft!
  1206 | D:3      | Found a deep blue altar of Sif Muna.
  1412 | D:3      | Reached skill level 1 in Dodging
  1415 | D:3      | Reached XP level 4. HP: 30/40 MP: 3/3
  1544 | D:3      | Found a hide-covered altar of Uskayaw.
  1611 | D:3      | Reached XP level 5. HP: 35/46 MP: 4/4
  2011 | D:3      | Noticed Sigmund
  2024 | D:3      | Killed Sigmund
  2024 | D:3      | Reached skill level 5 in Fighting
  2024 | D:3      | Reached skill level 2 in Long Blades
  2024 | D:3      | Reached skill level 5 in Armour
  2024 | D:3      | Reached skill level 5 in Shields
  2024 | D:3      | Reached XP level 6. HP: 42/56 MP: 5/5
  2079 | D:3      | Found a basalt altar of Yredelemnul.
  2956 | D:4      | Reached skill level 3 in Long Blades
  2956 | D:4      | Reached XP level 7. HP: 61/61 MP: 6/6
  3276 | D:4      | Reached skill level 4 in Long Blades
  3289 | D:5      | Entered Level 5 of the Dungeon
  3421 | D:5      | Reached skill level 5 in Long Blades
  3661 | D:5      | Reached XP level 8. HP: 53/70 MP: 7/7
  3906 | D:5      | Found an iron altar of Okawaru.
  4465 | D:6      | Reached skill level 6 in Long Blades
  4692 | D:6      | Noticed Pikel
  4708 | D:6      | Killed Pikel
  4708 | D:6      | Reached skill level 7 in Long Blades
  4799 | D:6      | Found a snail-covered altar of Cheibriados.
  4989 | D:6      | Reached XP level 9. HP: 36/75 MP: 8/8
  5242 | D:6      | Found a staircase to the Ecumenical Temple.
  5252 | Temple   | Entered the Ecumenical Temple
  5570 | Temple   | Became a worshipper of the Shining One
  5764 | D:6      | Found a sacrificial altar of Ru.
  5906 | D:7      | Reached skill level 8 in Long Blades
  6567 | D:7      | Reached skill level 9 in Long Blades
  6573 | D:7      | Found a shadowy altar of Dithmenos.
  6669 | D:7      | Found a transporter.
  6669 | D:7      | Identified the cursed +1 great mace of the Special People
                  | {chaos, rElec rPois rC-}
  6669 | D:7      | Noticed diana's ghost (novice DsFi)
  6674 | D:7      | Found a transporter.
  7277 | D:7      | Found a transporter.
  7277 | D:7      | Found a transporter.
  7353 | D:7      | Found a shadowy altar of Dithmenos.
  7717 | D:8      | Found a bloodstained altar of Trog.
  7717 | D:8      | Reached * piety under the Shining One
  8023 | D:8      | Reached XP level 10. HP: 83/86 MP: 9/9
  8429 | D:8      | Reached skill level 10 in Long Blades
  8609 | D:8      | Found a blossoming altar of Fedhas.
  8624 | D:8      | Noticed Psyche
  8666 | D:8      | Killed Psyche
  8666 | D:8      | Reached skill level 10 in Shields
  9105 | D:8      | Noticed a three-headed hydra
  9110 | D:8      | Killed a one-headed hydra
  9110 | D:8      | Reached skill level 11 in Long Blades
  9162 | D:8      | Found a glowing silver altar of Zin.
  9189 | D:8      | Identified the Tome of Air and Transformation
  9579 | D:7      | Reached skill level 10 in Armour
  9592 | D:7      | Killed diana's ghost
  9592 | D:7      | Reached ** piety under the Shining One
  9825 | D:9      | Reached XP level 11. HP: 94/94 MP: 10/10
  9993 | D:9      | Found a transporter.
 10200 | D:9      | Reached skill level 12 in Long Blades
 10245 | D:9      | Found a transporter.
 10268 | D:9      | Slain by a crocodile

Skill      XL: |  1  2  3  4  5  6  7  8  9 10 11 |
---------------+----------------------------------+-----
Armour         | 4 5 6 7 9 10 | 10.4
Axes           | 3 4 |  4.2
Shields        | 4 5 6 8 9 11 | 11.7
Dodging        | 1 |  1.1
Fighting       | 4 5 6 7 8 |  8.8
Long Blades    | 2 3 5 7 9 11 12 | 12.1

Action                   |  1- 3 |  4- 6 |  7- 9 | 10-12 || total
-------------------------+-------+-------+-------+-------++-------
Melee: War axe           |    88 |    25 |       |       ||   113
       Headbutt          |     9 |    18 |    55 |    57 ||   139
       Falchion          |       |    87 |   277 |   293 ||   657
  Use: Scroll            |     5 |     5 |    12 |     2 ||    24
       Potion            |       |       |     1 |     2 ||     3
  Eat: Chunk             |     2 |     3 |     3 |     4 ||    12
       Ration            |       |     1 |     4 |     1 ||     6
Armor: Scale mail        |    48 |    31 |    95 |    50 ||   224
Dodge: Dodged            |    27 |    30 |    84 |    66 ||   207
Block: Shield            |    42 |    60 |   137 |   138 ||   377
       Rpst.: Falchion   |       |     6 |    27 |    17 ||    50
